 Dungeon Crawl Stone Soup version v3.01-hellcrawl-74-g7a863a7 (webtiles) character file.

2016 severenz the Nimble (level 10, -2/63 HPs)
             Began as an Octopode Fighter on Apr 16, 2017.
             Was a Believer of Cheibriados.
             Engulfed by a steam dragon's steam (7 damage)
             ... on level 8 of the Dungeon.
             The game lasted 00:14:15 (7276 turns).

severenz the Nimble (Octopode Fighter)              Turns: 7276, Time: 00:14:16

Health: -2/63      AC:  4 (0%)Str: 24   XL:     10   Next: 73%
Magic:  10/10      EV: 19    Int: 16    God:    Cheibriados [**....]
Gold:   635        SH: 12    Dex: 16    Spells: 9/9 levels left

rFire    . . .     SeeInvis .     - Unarmed
rCold    . . .     Faith    .   a - +0 shield
rNeg     . . .     Spirit   .   (helmet restricted)
rPois    +         Reflect  .   (no amulet)
rElec    .                      l - +3 ring of protection
rCorr    .                      v - ring of poison resistance
MR       .....                  (no ring)
Stlth    ++++......             (no ring)
Regen    0.2/turn               (no ring)
MPRegen  0.2/turn               (no ring)
                                (no ring)
                                (no ring)

@: very slow
A: almost no armour, stealthy swim, amphibious, 8 rings, constrict 8,
camouflage, gelatinous body 1
a: Bend Time, Renounce Religion


You were on level 8 of the Dungeon.
You worshipped Cheibriados.
Cheibriados was pleased with you.
You were not hungry.

You visited 1 branch of the dungeon, and saw 8 of its levels.

You collected 635 gold pieces.

Inventory:

Missiles
 d - 3073 stones (quivered)
 f - 464 bolts
 h - 651 arrows
 j - 287 poisoned darts
 k - 434 sling bullets
 r - 114 tomahawks
Armour
 a - a +0 shield (worn)
Jewellery
 l - a +3 ring of protection (left tentacle)
 v - a ring of poison resistance (right tentacle)
Wands
 n - a wand of polymorph (5)
 A - a wand of paralysis (9)
Scrolls
 b - a scroll of enchant armour
 c - a scroll of blinking
 m - 6 scrolls of amnesia
 o - 3 scrolls of teleportation
 q - a scroll of fear
 s - 2 scrolls of immolation
 y - 3 scrolls of enchant weapon
 z - 2 scrolls of magic mapping
Potions
 e - 3 potions of cancellation
 g - 2 potions of brilliance
 i - 3 potions of curing
 p - 2 potions of lignification
 u - a potion of resistance
 w - 2 potions of flight
 x - 3 potions of magic


   Skills:
 - Level 3.0 Fighting
 + Level 9.8 Dodging
 + Level 9.8 Shields
 - Level 8.8 Unarmed Combat


You had 9 spell levels left.
You didn't know any spells.

Dungeon Overview and Level Annotations

Branches:
Dungeon (8/15)

Altars:
Cheibriados
Dithmenos
Elyvilon
Gozag
Hepliaklqana
Kikubaaqudgha
Makhleb
Nemelex Xobeh
Okawaru
Qazlal
Ru
Sif Muna
Trog
Uskayaw
Vehumet
Xom
Yredelemnul
Zin
The Shining One


Innate Abilities, Weirdness & Mutations

You cannot wear most types of armour.
You are very stealthy in the water.
You are amphibious.
You can wear up to eight rings at the same time.
You can use your tentacles to constrict eight enemies at once.
Your skin blends seamlessly with your surroundings (Stealth+++).
Your rubbery body absorbs attacks. (AC +1, EV +1)


Message History

The steam dragon breathes steam at you. The ball of steam hits you!
That hurt (21)!
You block the steam dragon's attack. x2
Found a potion of curing.
You bludgeon the steam dragon (10)!
The steam dragon is moderately wounded.
You are engulfed in a cloud of scalding steam (0).
You tentacle-slap the steam dragon but do no damage.
You squeeze the steam dragon (6).
The steam dragon is heavily wounded.
You are engulfed in a cloud of scalding steam (2).
The steam dragon bites you (3). You block the steam dragon's attack.
The steam dragon breathes steam at you. The ball of steam hits you!
That hurt (22)!
* * * LOW HITPOINT WARNING * * *
You block the steam dragon's attack. The steam dragon barely misses you.
You tentacle-slap the steam dragon (3). You squeeze the steam dragon (7)!
The steam dragon is almost dead.
You are engulfed in a cloud of scalding steam (7).
You die...

###
###########.#
#@..........#
#D#########.#
#.# #.# #.#
#.# #.# #.#
#.# #.# #.#
#.# ## #!#
#.# #. #.# #.


You could see a steam dragon.

Vanquished Creatures
  Pikel (D:5)
  Grinder (D:5)
  Prince Ribbit (D:8)
  10 yaks (D:8)
  Grum (D:8)
  An angry ghost (D:8)
  A spiny frog skeleton (D:7)
  4 orc warriors
  A blink frog zombie (D:7)
  4 ogres
  4 wolves (D:8)
  A bullfrog (D:5)
  A wyvern skeleton (D:8)
  4 scorpions
  A crimson imp (D:6)
  8 killer bees
  A howler monkey (D:3)
  2 quasits
  A centaur zombie (D:7)
  3 orc priests
  6 hounds
  A wasp zombie (D:7)
  10 orc wizards
  A gnoll shaman (D:5)
  3 worker ants
  3 iguanas
  Robin (D:3)
  A howler monkey skeleton (D:5)
  3 gnolls (D:5)
  7 adders
  A dart slug (D:2)
  20 orcs
  9 quokkas
  9 bats
  A giant cockroach (D:1)
  12 goblins
  14 hobgoblins
  10 jackals
  3 ball pythons
  6 frilled lizards
  8 kobolds
  8 rats
188 creatures vanquished.

Vanquished Creatures (others)
  A gnoll (D:5)
1 creature vanquished.

Grand Total: 189 creatures vanquished

Notes
Turn   | Place    | Note
-------+----------+-------------------------------------------
     0 | D:1      | severenz the Octopode Fighter began the quest for the Orb.
     0 | D:1      | Reached XP level 1. HP: 16/16 MP: 1/1
   174 | D:1      | Reached XP level 2. HP: 15/21 MP: 2/2
   680 | D:1      | Reached XP level 3. HP: 26/26 MP: 3/3
  1125 | D:2      | Found a faded altar of an unknown god.
  1219 | D:2      | Found a deep blue altar of Sif Muna.
  1229 | D:2      | Reached XP level 4. HP: 25/31 MP: 4/4
  1236 | D:2      | Found a basalt altar of Yredelemnul.
  1362 | D:2      | Found a sacrificial altar of Ru.
  1374 | D:2      | Reached skill level 5 in Unarmed Combat
  1374 | D:2      | Reached XP level 5. HP: 26/36 MP: 5/5
  1661 | D:2      | Found a bloodstained altar of Trog.
  1669 | D:2      | Found an iron altar of Okawaru.
  1767 | D:2      | Found a hide-covered altar of Uskayaw.
  1869 | D:3      | Noticed Robin
  1883 | D:3      | Killed Robin
  2116 | D:3      | Found an ancient bone altar of Kikubaaqudgha.
  2691 | D:4      | Reached XP level 6. HP: 23/42 MP: 6/6
  3445 | D:4      | Found a radiant altar of Vehumet.
  3447 | D:4      | Reached XP level 7. HP: 46/46 MP: 7/7
  3555 | D:5      | Entered Level 5 of the Dungeon
  3640 | D:5      | Noticed Grinder
  3652 | D:5      | Killed Grinder
  3868 | D:5      | Reached XP level 8. HP: 48/52 MP: 8/8
  3945 | D:5      | Found a basalt altar of Yredelemnul.
  3985 | D:5      | Noticed Pikel
  4003 | D:5      | Killed Pikel
  4003 | D:5      | Reached skill level 5 in Dodging
  4003 | D:5      | Reached skill level 5 in Shields
  4484 | D:6      | Found a shadowy altar of Dithmenos.
  4516 | D:6      | Found a sparkling altar of Nemelex Xobeh.
  4516 | D:6      | Found a stormy altar of Qazlal.
  4516 | D:6      | Found a glowing golden altar of the Shining One.
  4516 | D:6      | Found a shimmering altar of Xom.
  4522 | D:6      | Found a hazy altar of Hepliaklqana.
  4522 | D:6      | Found an opulent altar of Gozag.
  4609 | D:6      | Found a white marble altar of Elyvilon.
  4645 | D:6      | Reached XP level 9. HP: 50/56 MP: 9/9
  4675 | D:6      | Found a glowing silver altar of Zin.
  5001 | D:6      | Found a snail-covered altar of Cheibriados.
  5002 | D:6      | Found a burning altar of Makhleb.
  5009 | D:6      | Became a worshipper of Cheibriados the Contemplative
  5456 | D:7      | Reached * piety under Cheibriados
  6660 | D:8      | Reached XP level 10. HP: 20/63 MP: 10/10
  6698 | D:8      | Reached ** piety under Cheibriados
  6988 | D:8      | Found a burning altar of Makhleb.
  7010 | D:8      | Noticed Grum
  7010 | D:8      | Noticed Prince Ribbit
  7021 | D:8      | Killed Grum
  7025 | D:8      | Killed Prince Ribbit
  7276 | D:8      | Engulfed by a steam dragon's steam

Skill      XL: |  1  2  3  4  5  6  7  8  9 10 |
---------------+-------------------------------+-----
Unarmed Combat | 3 4 5 6 7 8 |  8.8
Dodging        | 5 8 9 |  9.8
Shields        | 5 8 9 |  9.8
Fighting       | |  3.0

Action                   |  1- 3 |  4- 6 |  7- 9 | 10-12 || total
-------------------------+-------+-------+-------+-------++-------
Melee: Unarmed           |    85 |   109 |   215 |    84 ||   493
       Constrict         |    29 |    30 |    38 |    12 ||   109
       Tentacles         |    17 |    25 |    44 |    29 ||   115
       Punch             |     4 |     3 |    17 |     8 ||    32
Throw: Stone             |     1 |       |       |       ||     1
  Use: Potion            |       |     2 |     4 |       ||     6
       Scroll            |       |       |     3 |       ||     3
 Stab: Sleeping          |    13 |    18 |    15 |     1 ||    47
Armor: Skin              |    11 |    25 |    18 |     2 ||    56
Dodge: Dodged            |    27 |    39 |    78 |    40 ||   184
Block: Shield            |    25 |    48 |    93 |    38 ||   204
